Map: Celestial Enclave LE

Players

SLicKcHeeZEE - Winner!

  • Race: Zerg Zerg
  • League: Bronze
  • Spawn Location: 7:00

A.I. 1 (Very Hard)

  • Race: Terran Terran
  • Spawn Location: 1:00

VOD

Have the link to the VOD?

Description

Time

  • Played on: Sept. 29, 2026, 1:46 a.m.
  • Length: 12:38
Show
View Real Time Build Order
Export as new Build Order

SLicKcHeeZEE Zerg - Winner!

Build Orders: Hatch First, Roach Hydra 

Get SALT Encoding   

  6  0:00  Drone  
  9  0:10  Drone  
  10  0:17  Drone  
  11  0:27  Overlord  
  11  0:33  Drone  
  12  0:45  Drone x2  
  14  0:51  Drone  
  15  1:12  Hatchery  
  15  1:16  Drone  
  15  1:20  Drone  
  15  1:24  Drone  
  17  1:39  Spawning Pool  
  16  1:42  Drone  
  16  1:46  Extractor  
  16  1:47  Drone  
  16  1:51  Drone  
  18  2:00  Drone  
  19  2:10  Overlord  
  19  2:26  Queen  
  19  2:27  Queen  
  19  2:29  Zergling x2  
  24  2:32  Drone  
  24  2:36  Drone  
  26  2:40  Drone  
  26  2:43  Extractor  
  26  2:47  Overlord  
  26  2:59  Roach Warren  
  25  3:07  Lair  
  25  3:13  Drone  
  25  3:14  Drone  
  25  3:16  Drone  
  28  3:38  Roach x2  
  28  3:39  Roach x2  
  36  3:43  Queen  
  38  3:50  Overlord  
  38  4:05  Hydralisk Den  
  38  4:08  Overlord  
  38  4:10  Drone x2  
  38  4:11  Drone  
  38  4:14  Drone  
  41  4:34  Hydralisk x3  
  41  4:38  Hydralisk  
  47  4:43  Overlord  
  49  4:53  Drone x2  
  49  4:54  Drone, Extractor  
  49  4:59  Glial Reconstitution  
  51  5:10  Grooved Spines  
  51  5:17  Evolution Chamber  
  50  5:27  Overlord  
  50  5:29  Hatchery  
  49  5:37  Drone x3  
  49  5:38  Drone  
  53  5:43  Zerg Missile Weapons Level 1  
  53  5:54  Drone x3  
  53  5:56  Drone  
  57  5:58  Drone  
  58  6:04  Muscular Augments  
  58  6:09  Overlord  
  58  6:15  Drone x3  
  61  6:23  Drone x2  
  61  6:24  Drone  
  64  6:26  Overlord  
  64  6:30  Overlord  
  64  6:45  Extractor  
  63  6:47  Queen  
  63  6:49  Drone  
  66  6:55  Roach x2, Hydralisk x3  
  66  7:00  Hydralisk  
  78  7:07  Drone  
  78  7:08  Drone x4  
  83  7:10  Drone  
  83  7:25  Zergling x12, Baneling Nest  
  83  7:26  Zergling x4  
  90  7:38  Overlord x2  
  90  7:42  Roach x4  
  98  8:00  Hydralisk x3  
  98  8:01  Hydralisk x2  
  98  8:04  Overlord x2  
  108  8:16  Hydralisk x4  
  108  8:19  Overlord x3  
  116  8:34  Baneling x6  
  116  8:35  Baneling x4  
  116  8:50  Hydralisk x4  
  116  8:51  Hydralisk x4  
  132  8:59  Zerg Ground Armor Level 1  
  132  9:11  Roach x4  
  132  9:15  Roach  
  142  9:22  Drone x2  
  142  9:23  Drone  
  145  9:35  Overlord x3  
  107  10:41  Hydralisk  
  107  10:42  Roach  
  111  10:44  Roach x6, Hydralisk x6  
  111  10:45  Hydralisk x2  
  111  10:46  Roach x4  
  105  11:49  Roach x5  
  105  11:50  Roach x12  
Show
View Real Time Build Order
Export as new Build Order

A.I. 1 (Very Hard) Terran 

Build Orders:  

Get SALT Encoding   

  6  0:00  SCV  
  9  0:13  SCV  
  10  0:25  SCV  
  11  0:37  SCV  
  12  0:46  Supply Depot  
  12  0:49  SCV  
  13  1:07  SCV  
  13  1:10  Barracks  
  14  1:19  SCV  
  15  1:32  SCV  
  16  1:44  SCV  
  17  1:50  Supply Depot  
  17  1:55  Refinery  
  17  1:56  SCV  
  17  1:58  Marine  
  19  2:08  SCV  
  20  2:16  Marine  
  20  2:18  Barracks  
  20  2:20  SCV  
  22  2:25  Refinery  
  22  2:32  SCV  
  22  2:34  Marine  
  24  2:43  Supply Depot  
  24  2:44  SCV  
  25  2:51  Marine  
  25  2:56  SCV  
  27  3:05  Factory  
  27  3:08  SCV  
  27  3:09  Marine  
  29  3:13  Marine  
  30  3:20  SCV  
  31  3:27  Marine  
  31  3:31  Marine  
  31  3:33  SCV  
  34  3:45  SCV, Marine  
  36  3:51  Barracks  
  36  3:56  Barracks Tech Lab  
  36  3:57  SCV  
  36  3:59  Supply Depot  
  37  4:05  Barracks Tech Lab  
  37  4:18  Starport, Factory Tech Lab  
  37  4:21  SCV  
  38  4:32  Marine  
  38  4:33  SCV  
  40  4:39  Marine  
  40  4:41  Stimpack  
  42  4:45  SCV  
  42  4:46  Combat Shield  
  42  4:57  SCV  
  43  5:04  Supply Depot  
  43  5:09  SCV  
  44  5:22  SCV  
  44  5:25  Marine  
  44  5:26  Barracks Reactor, Marauder  
  44  5:27  Supply Depot  
  48  5:30  Medivac  
  48  5:34  SCV  
  48  5:35  Command Center  
  51  5:44  Marauder  
  51  5:46  Orbital Command  
  51  5:49  Marine  
  53  6:00  Supply Depot  
  53  6:02  Marine  
  54  6:05  Medivac, Marauder  
  54  6:11  Marauder  
  60  6:21  Marine  
  60  6:22  Marine  
  62  6:27  Marauder, Supply Depot  
  62  6:32  Marauder  
  66  6:40  Engineering Bay  
  66  6:47  SCV  
  66  6:48  Marauder, SCV  
  70  6:56  Marauder  
  70  6:59  SCV, Concussive Shells  
  73  7:01  SCV  
  73  7:08  Terran Infantry Armor Level 1  
  74  7:09  Marauder  
  74  7:11  Engineering Bay, SCV  
  74  7:13  SCV  
  78  7:17  Marauder  
  78  7:20  Supply Depot  
  80  7:23  SCV  
  80  7:26  SCV  
  82  7:31  Marauder  
  82  7:35  SCV  
  85  7:37  Terran Infantry Weapons Level 1  
  85  7:38  SCV  
  85  7:39  Marauder  
  85  7:43  Missile Turret  
  88  7:46  Supply Depot  
  88  7:47  SCV  
  88  7:50  SCV  
  90  7:54  Missile Turret  
  90  8:00  SCV, Barracks, Starport Reactor  
  90  8:02  Orbital Command  
  90  8:04  Marine  
  92  8:06  Marine  
  92  8:07  Marine  
  92  8:08  Marine  
  95  8:13  Supply Depot  
  95  8:22  Marauder  
  95  8:23  Missile Turret  
  95  8:25  Marauder  
  99  8:36  Medivac  
  99  8:37  Viking  
  99  8:38  Supply Depot  
  103  8:43  Marauder  
  103  8:47  Marauder  
  107  8:49  Command Center  
  107  8:59  Missile Turret  
  107  9:03  Supply Depot  
  107  9:06  Medivac  
  107  9:07  Viking, Missile Turret  
  111  9:18  Factory  
  111  9:21  Refinery  
  111  9:25  Refinery  
  111  9:27  Supply Depot  
  111  9:30  Missile Turret  
  111  9:36  Viking x2  
  115  10:01  Armory  
  115  10:02  SCV  
  115  10:03  SCV  
  115  10:06  Viking  
  119  10:07  Siege Tank  
  119  10:12  Command Center  
  119  10:14  Supply Depot, SCV  
  122  10:18  SCV  
  111  10:22  Marine  
  111  10:24  Marine  
  111  10:25  Marine  
  111  10:27  SCV, Marine  
  78  10:29  Marine  
  64  10:37  SCV  
  64  10:39  SCV  
  64  10:40  Marine  
  69  10:42  Marauder  
  69  10:43  Marine  
  69  10:45  Marine  
  69  10:47  Marauder  
  69  10:49  SCV  
  74  10:51  SCV  
  74  10:52  Command Center  
  74  10:57  Marine  
  74  11:01  Marine, SCV  
  74  11:02  Marine  
  76  11:04  Marauder  
  76  11:08  Marine  
  67  11:13  SCV  
  67  11:15  Marine  
  62  11:19  Marine  
  62  11:25  SCV, Marauder  
  39  11:46  Marine  
  37  11:49  Marine  
  37  11:54  Marine  
  30  11:56  Marine  
  30  12:00  Command Center  
  31  12:03  Marine  
  24  12:09  Marine  
  24  12:11  Marine  
  24  12:12  Marine  
Tags
 
Composition
Roach Hydra
League
Bronze
Matchup
TvZ
Spawn Locations
Cross Positions
Add a new tag
Caveats
  • Supply blocks, unpowered buildings, or Contaminate may cause inaccurate times.
  • Supply counts are checked every 10 seconds.